 Dungeon Crawl Stone Soup version 0.28.0-45-g0d030f2227 (webtiles) character file.

Game seed: 3226110125718969623

86 astrotasso the Chopper (level 4, 0/40 HPs)
             Began as a Hill Orc Fighter on May 21, 2022.
             Slain by Sigmund
             ... wielding a +0 scythe
              (12 damage)
             ... on level 4 of the Dungeon.
             The game lasted 00:20:32 (1682 turns).

astrotasso the Chopper (Hill Orc Fighter)           Turns: 1682, Time: 00:20:33

Health: 0/40       AC:  9    Str: 20    XL:     4   Next: 50%
Magic:  4/4        EV:  7    Int:  8    God:
Gold:   116        SH: 10    Dex: 16    Spells: 3/3 levels left

rFire   . . .      SeeInvis .   a - +0 war axe
rCold   . . .      Faith    .   c - +0 buckler
rNeg    . . .      Spirit   .   i - +0 chain mail
rPois   .          Reflect  +   (no helmet)
rElec   .          Harm     .   (no cloak)
rCorr   .          Rampage  .   (no gloves)
Will    .....                   (no boots)
Stlth   ..........              e - amulet of reflection
HPRegen 0.13/turn               n - +6 ring of dexterity
MPRegen 0.09/turn               (no ring)

@: mighty
A: no striking features
a: no special abilities


You were on level 4 of the Dungeon.
You visited 1 branch of the dungeon, and saw 4 of its levels.

You collected 116 gold pieces.

Inventory:

Hand Weapons
 a - a +0 war axe (weapon)
Missiles
 j - 2 throwing nets (quivered)
Armour
 b - a +0 scale mail
 c - a +0 buckler (worn)
 i - a +0 chain mail (worn)
Jewellery
 e - an amulet of reflection (around neck)
 k - a ring of wizardry
 n - a +6 ring of dexterity (left hand)
Wands
 q - a wand of mindburst (6)
Scrolls
 g - a scroll of noise {unknown}
 h - a scroll of enchant armour {unknown}
 l - a scroll of torment {unknown}
 m - 2 scrolls of brand weapon {unknown}
 p - a scroll of fog {unknown}
Potions
 f - a potion of heal wounds
 o - a potion of lignification


   Skills:
 + Level 4.1 Fighting
 + Level 4.3 Axes
 + Level 3.8 Armour
 + Level 0.2 Dodging
 + Level 0.1 Stealth
 + Level 3.9 Shields


You had 3 spell levels left.
You didn't know any spells.
Your spell library contained the following spells:

 Spells                   Type           Power      Damage    Failure   Level
 Corpse Rot               Necr/Air       0%         N/A       100%        2
 Poisonous Vapours        Pois/Air       0%         N/A       100%        2


Dungeon Overview and Level Annotations

Branches:
Dungeon (4/15)
 Temple: D:4-7

Altars:
Yredelemnul

Shops:
D:2 *

Annotations:
D:4 Edmund, Sigmund


Message History

Sigmund flickers and vanishes!
Deactivating autopickup; reactivate with Ctrl-A.
The quokka bites you but does no damage.
You hit Edmund but do no damage.
Edmund is severely wounded.
You hit the quokka.
Edmund hits you with a +1 flail of protection.
The quokka barely misses you. You block Edmund's attack.
You barely miss the quokka.
The quokka is severely wounded.
The quokka twitches its whiskers.
The quokka bites you but does no damage.
Something hits you but does no damage. You block the quokka's attack.
You completely miss the quokka.
The quokka is severely wounded.
You block the quokka's attack. Something hits you!
The quokka bites you but does no damage.
You hit the quokka.
You kill the quokka!
You block Edmund's attack. Something hits you but does no damage.
You hit Edmund but do no damage.
Edmund is severely wounded.
Edmund says, "Everyone always remembers my brother. 'Who's Edmund?' they ask!"
Edmund hits you with a +1 flail of protection.
Something hits you but does no damage. You block Edmund's attack.
You hit Edmund.
Edmund is severely wounded.
You block Edmund's attack. Something hits you but does no damage.
You hit Edmund.
Edmund is severely wounded.
Edmund barely misses you.
You barely miss Edmund.
Edmund is severely wounded.
You block something's attack.
Edmund hits you with a +1 flail of protection.
* * * LOW HITPOINT WARNING * * *
Edmund hits you but does no damage.
You feel very mighty all of a sudden. Something hits you!
You die...

#. #...#.#
#...#.# #.....##
#......#
#......#..#######
#..##.r#.........
#. #)..#{#######<
##..#@# ##.#@#
..#.# ..#.# #.#
#.# ..# ... ...b
###.


You could see Edmund.

Vanquished Creatures
  3 adders (D:3)
  A worm (D:4)
  2 dart slugs (D:1)
  An orc (D:3)
  4 ball pythons
  5 endoplasms
  4 goblins
  3 hobgoblins
  7 jackals
  4 quokkas
  2 bats (D:1)
  4 frilled lizards
  A jackal zombie (D:3)
  3 kobolds
  5 rats
49 creatures vanquished.

Notes
Turn   | Place    | Note
-------+----------+-------------------------------------------
     0 | D:1      | astrotasso the Hill Orc Fighter began the quest for the
                  | Orb.
     0 | D:1      | Reached XP level 1. HP: 19/19 MP: 1/1
    76 | D:1      | Reached XP level 2. HP: 25/27 MP: 2/2
   310 | D:1      | Reached XP level 3. HP: 20/33 MP: 3/3
   674 | D:2      | Found Zeugunna's Assorted Antiques.
  1108 | D:3      | Reached XP level 4. HP: 30/40 MP: 4/4
  1386 | D:3      | Found a runed translucent door.
  1386 | D:3      | Noticed a human
  1390 | D:3      | Found a basalt altar of Yredelemnul.
  1657 | D:4      | Noticed Edmund
  1658 | D:4      | Noticed Sigmund
  1682 | D:4      | Slain by Sigmund

Illustrated notes

Levels and vault maps discovered:
D:1:      dpeg_arrival_rooms_b, layout_rooms, minmay_misc_feat_doors,
          chequers_serial_rivers_micro_c
D:2:      layout_loops_cross, basic_altar, serial_shops, shop,
          shapermc_ecumenical_altar_mp_highgroup
D:3:      layout_basic, dk_yredelemnul_ordeal
D:4:      layout_loops_corners, nicolae_wu_jian_glorious_leap,
          minmay_temple_entry_butterflies, sigmund_edmund_badplayer

Skill      XL: |  1  2  3 |
---------------+----------+-----
Axes           | 3 4 |  4.3
Fighting       | 4 |  4.1
Armour         | |  3.8
Dodging        | |  0.2
Stealth        | |  0.1
Shields        | |  3.9

Action                   |  1- 3 |  4- 6 || total
-------------------------+-------+-------++-------
Melee: War axe           |   112 |    38 ||   150
Evoke: Wand              |       |     3 ||     3
  Use: Scroll            |     2 |     1 ||     3
       Potion            |       |     1 ||     1
Armor: Scale mail        |    10 |       ||    10
       Chain mail        |    38 |    19 ||    57
Dodge: Dodged            |    38 |    11 ||    49
Block: Buckler           |    48 |    22 ||    70
